AoeStats
← Augi662101

Fortress

507356462Analyzed
2v2 RM · 14d ago on Sep 17, 2026· 49m 0s· 4 players
Game mode
Random Map
Map size
Normal (6 player)
Population
200
Speed
Normal
Resources
Standard
Victory
Conquest
Starting age
Dark Age
Ending age
Imperial Age
RankedLock teamsTeams togetherTeam positionsShared explorationLock speedFull tech treeHidden civsTurbo modeCheats
Victory
Defeat
🇺🇸 Gurjaras · United States
945
+14
🇺🇸 Berbers · United States
842
+17
🇧🇪 Georgians · Belgium
926
-17
🇺🇸 Slavs · United States
851
-14
Augi662101
6:57 Feudal Age
6:10 Loom
8:32 Double-Bit Axe
8:56 Horse Collar
15:26 Castle Age
14:19 Gold Mining
14:43 Stone Mining
15:19 Loom
16:21 Wheelbarrow
17:10 Fletching
19:44 Bow Saw
21:17 Husbandry
21:28 Bloodlines
23:56 Squires
23:21 Pikeman
26:23 Detinets
30:24 Imperial Age
28:28 Ballistics
32:09 Conscription
31:54 Druzhina
31:24 Halberdier
33:37 Bodkin Arrow
33:54 Forging
33:50 Scale Barding Armor
33:47 Scale Mail Armor
35:06 Gold Shaft Mining
35:40 Two-Man Saw
34:48 Heavy Plow
36:48 Hoardings
42:54 Hand Cart
44:17 Chain Barding Armor
44:33 Iron Casting
44:14 Chain Mail Armor
44:00 Elite Boyar
48:20 Plate Barding Armor
Nicrom
7:18 Feudal Age
7:51 Double-Bit Axe
7:47 Horse Collar
9:58 Loom
13:03 Castle Age
15:24 Bow Saw
16:37 Gold Mining
17:00 Scale Barding Armor
25:44 Imperial Age
24:09 Heavy Plow
27:02 Wheelbarrow
28:02 Conscription
29:03 Elite Monaspa
30:19 Chain Barding Armor
30:54 Aznauri Cavalry
31:44 Hand Cart
32:01 Forging
33:31 Iron Casting
33:41 Crop Rotation
35:05 Plate Barding Armor
35:30 Blast Furnace
34:53 Town Watch
36:15 Fletching
37:54 Bodkin Arrow
39:28 Ballistics
40:08 Chemistry
39:13 Heavy Scorpion
41:12 Bracer
41:39 Pikeman
42:20 Squires
42:05 Arson
43:58 Halberdier
44:29 Halberdier
46:07 Scale Mail Armor
Oldpoopsak69
7:00 Feudal Age
11:04 Castle Age
10:19 Double-Bit Axe
10:29 Horse Collar
17:20 Wheelbarrow
17:26 Bow Saw
17:26 Heavy Plow
19:10 Hand Cart
19:25 Gold Mining
20:05 Loom
21:13 Town Watch
25:52 Imperial Age
25:03 Padded Archer Armor
24:54 Fletching
25:35 Town Patrol
26:17 Bloodlines
26:09 Light Cavalry
26:49 Husbandry
27:20 Leather Archer Armor
27:53 Conscription
27:54 Elite Camel Archer
28:26 Hussar
29:47 Crop Rotation
30:54 Bodkin Arrow
31:20 Stone Mining
33:04 Chemistry
33:17 Ballistics
33:08 Fortified Wall
33:17 Bracer
33:48 Ring Archer Armor
33:29 Forging
34:11 Heavy Camel Rider
39:28 Iron Casting
38:59 Scale Barding Armor
40:41 Masonry
40:48 Maghrebi Camels
41:25 Hoardings
41:37 Gold Shaft Mining
45:16 Blast Furnace
44:37 Chain Barding Armor
jacleepri023
7:56 Feudal Age
13:31 Castle Age
12:45 Double-Bit Axe
12:42 Horse Collar
13:21 Gold Mining
14:19 Bloodlines
15:44 Bow Saw
15:37 Heavy Plow
16:35 Town Watch
16:42 Loom
21:02 Wheelbarrow
25:33 Imperial Age
24:02 Hand Cart
24:32 Town Patrol
25:09 Stone Mining
26:09 Husbandry
26:48 Forging
27:36 Heavy Camel Rider
29:13 Iron Casting
28:29 Fletching
29:52 Scale Barding Armor
31:10 Chemistry
31:39 Conscription
36:56 Chain Barding Armor
42:32 Elite Chakram Thrower
45:26 Ballistics
45:05 Bodkin Arrow
45:48 Plate Barding Armor
Connection lost

Rejoining the realm…

Still unreachable

The connection could not be restored.

Session expired

The server has moved on; the page needs a fresh start.